 Dungeon Crawl Stone Soup version 0.30.1-4-g462c640d31 (webtiles) character file.

Game seed: 14144998944283795149

33238 growler the Stormcaller (level 13, 0/78 HPs)
             Began as a Tengu Air Elementalist on Sept 14, 2023.
             Was a High Priest of Hepliaklqana.
             Slain by a spriggan
             ... wielding a +0 short sword
              (10 damage)
             ... on level 5 of the Lair of Beasts.
             The game lasted 00:42:47 (19220 turns).

growler the Stormcaller (Tengu Air Elementalist)   Turns: 19220, Time: 00:42:47

Health: 0/78       AC: 12    Str: 10    XL:     13   Next: 69%
Magic:  17/23      EV: 15    Int: 19    God:    Hepliaklqana [*****.]
Gold:   939        SH:  0    Dex: 21    Spells: 14/24 levels left

rFire   + . .        y - +1 dagger (venom)
rCold   . . .        (no shield)
rNeg    . . .        m - +1 steam dragon scales
rPois   .            t - +2 hat
rElec   .            q - +0 cloak
rCorr   .            d - +2 pair of gloves
SInv    .            (boots unavailable)
Will    .....        B - amulet of magic regeneration
Stlth   ++++         C - ring of protection from fire
HPRegen 0.33/turn    z - +6 ring of dexterity
MPRegen 0.58/turn

%: no passive effects
@: swift, flying quickly and evasively, very quick
A: reduced essence, beak, talons 3, nimble flight
a: Renounce Religion, Recall Ancestor, Ancestor Identity, Transference, Idealise


You were on level 5 of the Lair of Beasts.
You worshipped Hepliaklqana.
Hepliaklqana was extremely pleased with you.
You visited 3 branches of the dungeon, and saw 17 of its levels.
You also visited: Sewer.

You collected 939 gold pieces.

Inventory:

Hand Weapons
 j - a +2 dagger of speed
 y - a +1 dagger of venom (weapon)
Missiles
 D - a throwing net
Armour
 a - a +0 robe
 d - a +2 pair of gloves (worn)
 m - +1 steam dragon scales (worn)
 q - a +0 cloak (worn)
 t - a +2 hat (worn)
Jewellery
 s - a ring of poison resistance
 z - a +6 ring of dexterity (right hand)
 B - an amulet of magic regeneration (around neck)
 C - a ring of protection from fire (left hand)
 E - a ring of wizardry
 K - the ring "Wiral" {rC+ rN++ Str+4}
   (You found it on level 9 of the Dungeon)

   [ring of protection from cold]

   Str:       It affects your strength (+4).
   rC:        It protects you from cold.
   rN:        It greatly protects you from negative energy.
 M - a ring of see invisible
Wands
 A - a wand of iceblast (11)
 G - a wand of flame (25)
 I - a wand of charming (11)
 P - a wand of acid (9)
 R - a wand of digging (5)
 U - a wand of mindburst (8)
 Y - a wand of polymorph (4)
Scrolls
 e - 5 scrolls of fear
 g - 3 scrolls of blinking
 h - 5 scrolls of poison {unknown}
 i - 3 scrolls of noise {unknown}
 o - 3 scrolls of magic mapping
 v - 3 scrolls of teleportation
 H - a scroll of brand weapon {unknown}
 J - a scroll of torment {unknown}
 N - 7 scrolls of identify
 O - 2 scrolls of amnesia {unknown}
 Q - 2 scrolls of immolation {unknown}
 S - a scroll of enchant weapon {unknown}
 T - a scroll of fog {unknown}
 V - a scroll of butterflies {unknown}
 X - a scroll of vulnerability {unknown}
 Z - a scroll of silence {unknown}
Potions
 b - 3 potions of magic
 c - a potion of berserk rage
 f - 7 potions of curing
 k - a potion of invisibility
 l - 5 potions of brilliance {unknown}
 n - 3 potions of might {unknown}
 p - 3 potions of lignification
 r - 3 potions of haste
 u - a potion of cancellation
 w - 2 potions of mutation
 x - 4 potions of heal wounds
 F - a potion of ambrosia
 W - a potion of attraction {unknown}
Miscellaneous
 L - a lightning rod (4/4)


   Skills:
 + Level 12.8 Fighting
 - Level 10.0 Short Blades
 - Level 2.1 Dodging
 - Level 7.0 Stealth
 - Level 6.0 Spellcasting
 - Level 6.0 Conjurations
 + Level 18.2 Air Magic


You had 14 spell levels left.
You knew the following spells:

 Your Spells              Type           Power      Damage    Failure   Level
a - Shock                 Conj/Air       100%       1d9       1%          1
b - Static Discharge      Conj/Air       100%       2-7/arc   1%          2
c - Swiftness             Air            66%        N/A       1%          3
d - Airstrike             Air            33%        2d(5-21)  1%          4

Your spell library contained the following spells:

 Spells                   Type           Power      Damage    Failure   Level
 Magic Dart               Conj           100%       1d8       1%          1
 Mephitic Cloud           Conj/Pois/Air  36%        N/A       1%          3
 Silence                  Hex/Air        20%        N/A       8%          5
 Dazzling Flash           Conj/Hex       34%        N/A       10%         3
 Sandblast                Erth           10%        2d5       11%         1
 Call Imp                 Summ           10%        N/A       17%         2
 Call Canine Familiar     Summ           5%         N/A       32%         3
 Confusing Touch          Hex            5%         N/A       32%         3
 Frozen Ramparts          Ice            10%        1d2       32%         3
 Portal Projectile        Hex/Tloc       10%        N/A       32%         3
 Animate Dead             Necr           5%         N/A       73%         4
 Ice Form                 Ice/Tmut       5%         N/A       73%         4
 Leda's Liquefaction      Hex/Erth       2%         N/A       73%         4
 Petrify                  Tmut/Erth      5%         N/A       73%         4
 Summon Ice Beast         Ice/Summ       5%         N/A       73%         4
 Agony                    Necr           5%         N/A       97%         5
 Borgnjor's Vile Clutch   Necr/Erth      2%         N/A       97%         5
 Metabolic Englaciation   Hex/Ice        2%         N/A       97%         5
 Death Channel            Necr           2%         N/A       100%        6
 Statue Form              Tmut/Erth      3%         N/A       100%        6
 Necromutation            Tmut/Necr      2%         N/A       100%        8
 Death's Door             Necr           2%         N/A       100%        9


Dungeon Overview and Level Annotations

Branches:
Dungeon (11/15)            Temple (1/1) D:4            Lair (5/5) D:11
  Swamp (0/4) Lair:2        Snake (0/4) Lair:3        Slime (0/5) Lair:4
  Sewer (visited)
    Orc: D:9-12

Altars:
Ashenzari
Dithmenos
Elyvilon
Fedhas
Hepliaklqana
Makhleb
Nemelex Xobeh
Okawaru
Ru
Sif Muna
Uskayaw
Vehumet
Wu Jian
The Shining One

Shops:
D:1 (   D:5 (   D:9 (   D:11 !

Annotations:
D:10 4 runed translucent doors


Innate Abilities, Weirdness & Mutations

Your life essence is reduced to manifest your ancestor. (-10% HP)
You have a beak for a mouth.
You have claws for feet.
Your magical nature lets you fly swiftly and evasively.


Message History

Something misses Reggie B..
Casting: Airstrike (safe; 1% risk of failure)
Confirm with . or Enter, or press ? or * to list all spells.
You feel quick.
Reggie B. has departed this plane of existence.
The spriggan attacks as you move away!
The spriggan hits you but does no damage.
The spriggan attacks as you move away!
The spriggan hits you with a +0 short sword!
* * * LOW HITPOINT WARNING * * *
You feel much better.
The spriggan hits you with a +0 short sword!
* * * LOW HITPOINT WARNING * * *
The spriggan hits you but does no damage.
The hornet misses you.
Casting: Swiftness (safe; 1% risk of failure)
Confirm with . or Enter, or press ? or * to list all spells.
The spriggan is struck by an arc of lightning.
The spriggan is severely wounded.
You are struck by an arc of lightning.
* * * LOW HITPOINT WARNING * * *
The hornet is struck by an arc of lightning.
The hornet is heavily wounded.
The lightning grounds out.
The hornet is struck by an arc of lightning.
The hornet is severely wounded.
You are struck by an arc of lightning.
* * * LOW HITPOINT WARNING * * *
The spriggan is struck by an arc of lightning.
The spriggan is severely wounded.
The hornet is struck by an arc of lightning.
The hornet is almost dead.
The spriggan is struck by an arc of lightning.
The spriggan is almost dead.
The lightning grounds out.
The hornet closely misses you.
The spriggan hits you with a +0 short sword!
* * * LOW HITPOINT WARNING * * *
Unknown command.
The spriggan hits you with a +0 short sword!
You die...

##.....#
#.....##
###....#
###....#
#.....##
##.....#
##...## #....P#
#♣†@♣♣♣ ♣iy♣♣♣
♣†i..♣ ♣♣.i.♣♣
♣♣...♣ ♣♣..♣♣♣
♣♣♣♣.....♣
♣♣♣♣♣♣....♣♣..♣
.i....YR.♣♣
♣..♣


You could see a spriggan rider, a hornet (drained) and 2 spriggans.

Vanquished Creatures
  Kirke (Lair:3)
  2 hydras
  2 centaur warriors
  3 two-headed ogres
  2 boulder beetles
  Urug (Lair:1)
  Pikel (D:6)
  A manticore (D:8)
  2 cyclopes
  An elephant (Lair:2)
  A gargoyle (D:8)
  An eye of devastation (Lair:4)
  Maggie (D:8)
  7 cane toads
  A rime drake (D:11)
  4 komodo dragons
  2 trolls
  4 polar bears
  Prince Ribbit (Lair:1)
  3 burning bushes (Lair:3)
  6 blink frogs
  2 hornets (D:8)
  A slime creature (D:7)
  4 shadows
  3 wyverns
  6 wraiths
  22 yaks
  3 steam dragons
  A vampire mosquito (D:8)
  2 nagas (Lair:3)
  8 water moccasins
  A floating eye (Lair:4)
  8 black bears
  An ice beast (D:11)
  3 orc warriors
  9 wolves
  3 centaurs
  4 ogres (D:6)
  A phantom (D:3)
  2 lemures
  7 kobold brigands
  12 bullfrogs
  A gnoll sergeant (D:7)
  2 scorpions
  5 killer bees (D:9)
  2 howler monkeys
  6 orc priests
  2 hounds
  Crazy Yiuf (D:3)
  5 jellies (D:7)
  An iguana (D:5)
  6 orc wizards
  5 gnolls
  9 adders
  6 river rats
  A white imp (D:7)
  3 ufetubi
  6 worms
  4 dart slugs
  22 orcs
  5 ball pythons
  9 bats
  25 endoplasms
  6 giant cockroaches
  4 goblins
  A hobgoblin (D:3)
  6 jackals
  13 kobolds
  4 quokkas
  3 training dummies (D:5)
  7 frilled lizards
  4 rats
324 creatures vanquished.

Vanquished Creatures (collateral kills)
  Josephine (Lair:3)
  A two-headed ogre (D:8)
  A boulder beetle (D:11)
  A black mamba (Lair:5)
  2 cane toads (Lair:3)
  2 komodo dragons
  A burning bush (Lair:3)
  A hornet (Lair:5)
  A blink frog (Lair:4)
  A wraith (Lair:3)
  3 yaks
  A water moccasin (D:6)
  3 black bears
  A wolf (Lair:1)
  A jelly (D:7)
  An iguana (D:6)
  4 orcs
26 creatures vanquished.

Vanquished Creatures (others)
  5 humans (Lair:3)
  An ancestor (D:7)
  7 hexers
13 creatures vanquished.

Grand Total: 363 creatures vanquished

Notes
Turn   | Place    | Note
-------+----------+-------------------------------------------
     0 | D:1      | growler the Tengu Air Elementalist began the quest for the
                  | Orb.
     0 | D:1      | Reached XP level 1. HP: 10/10 MP: 4/4
    39 | D:1      | Found Ruimesarph's Weapon Shoppe.
   103 | D:1      | Reached XP level 2. HP: 15/15 MP: 1/6
   197 | D:1      | Learned a level 2 spell: Static Discharge
   316 | D:1      | Reached XP level 3. HP: 19/19 MP: 5/7
   617 | D:1      | Learned a level 3 spell: Swiftness
  1348 | D:2      | Reached XP level 4. HP: 24/24 MP: 3/9
  1563 | D:2      | Reached skill level 5 in Air Magic
  1850 | D:3      | Noticed a phantom
  1862 | D:3      | Killed a phantom
  1863 | D:3      | Gained mutation: Your magical nature lets you fly swiftly
                  | and evasively. [Tengu growth]
  1863 | D:3      | Reached XP level 5. HP: 20/28 MP: 1/10
  1947 | D:3      | Learned a level 4 spell: Airstrike
  2131 | D:3      | Found a runed translucent door.
  2132 | D:3      | Noticed Crazy Yiuf
  2678 | D:3      | Killed Crazy Yiuf
  2679 | D:3      | Reached skill level 6 in Air Magic
  2679 | D:3      | Reached XP level 6. HP: 32/32 MP: 0/12
  3047 | D:4      | Found a blossoming altar of Fedhas.
  3235 | D:4      | Found a staircase to the Ecumenical Temple.
  3250 | Temple   | Entered the Ecumenical Temple
  3291 | Temple   | Became a worshipper of Hepliaklqana the Forgotten
  3637 | D:4      | Reached skill level 5 in Conjurations
  3790 | D:4      | Got the Catalogue of Ill Luck and Amathomancy
  3913 | D:5      | Entered Level 5 of the Dungeon
  3982 | D:5      | Found a glowing drain.
  4042 | Sewer    | Entered a sewer
  4218 | Sewer    | Reached XP level 7. HP: 36/36 MP: 6/14
  4559 | Sewer    | Reached skill level 7 in Air Magic
  5145 | Sewer    | Reached skill level 5 in Spellcasting
  5474 | D:5      | Found Docsu Neud's Firing Range.
  5483 | D:5      | Reached skill level 8 in Air Magic
  5543 | D:5      | Reached XP level 8. HP: 41/41 MP: 11/16
  6117 | D:6      | Noticed Pikel
  6255 | D:6      | Killed Pikel
  6256 | D:6      | Reached skill level 9 in Air Magic
  6683 | D:6      | Reached skill level 1 in Short Blades
  6826 | D:6      | Reached XP level 9. HP: 47/51 MP: 11/19
  6932 | D:6      | Reached * piety under Hepliaklqana
  6936 | D:6      | Reached skill level 10 in Air Magic
  8040 | D:7      | Reached skill level 5 in Fighting
  8040 | D:7      | Reached skill level 11 in Air Magic
  8423 | D:7      | Found a shadowy altar of Dithmenos.
  8583 | D:7      | Reached skill level 5 in Short Blades
  8965 | D:7      | Identified the orb "Qyet" {*channel, rN++}
  9046 | D:7      | Reached ** piety under Hepliaklqana
  9047 | D:7      | Remembered your ancestor Reggie B. as a hexer
  9288 | D:7      | Reached XP level 10. HP: 34/54 MP: 2/20
  9545 | D:8      | Noticed Maggie
  9561 | D:8      | Killed Maggie
  9689 | D:8      | Noticed a two-headed ogre
  9689 | D:8      | Found the +6 shillelagh "Devastator" {shatter}
  9692 | D:8      | Noticed a gargoyle
  9695 | D:8      | Killed a two-headed ogre
  9696 | D:8      | Reached skill level 12 in Air Magic
  9699 | D:8      | Noticed a two-headed ogre
  9707 | D:8      | Killed a gargoyle
  9743 | D:8      | Killed a two-headed ogre
  9930 | D:8      | Noticed a two-headed ogre
  9934 | D:8      | Killed a two-headed ogre
 10274 | D:8      | Noticed a centaur warrior
 10281 | D:8      | Noticed a boulder beetle
 10283 | D:8      | Killed a centaur warrior
 10284 | D:8      | Reached skill level 13 in Air Magic
 10284 | D:8      | Reached XP level 11. HP: 37/61 MP: 6/21
 10284 | D:8      | Noticed a cyclops
 10583 | D:8      | Found a burning altar of Makhleb.
 10785 | D:8      | Found a radiant altar of Vehumet.
 10786 | D:8      | Found an ornate altar of the Wu Jian Council.
 10789 | D:8      | Found a glowing golden altar of the Shining One.
 10807 | D:8      | Noticed a manticore
 10812 | D:8      | Killed a manticore
 10882 | D:8      | Killed a boulder beetle
 11079 | D:8      | Killed a cyclops
 11375 | D:9      | Found a broken altar of Ashenzari.
 11441 | D:9      | Found Darchoy's Weapon Shop.
 11444 | D:9      | Identified the +0 ring mail of Awe {Str+3 Int+4 Dex+3}
 11451 | D:9      | Noticed a centaur warrior
 11454 | D:9      | Killed a centaur warrior
 11455 | D:9      | Reached skill level 14 in Air Magic
 11493 | D:9      | Identified the ring "Wiral" {rC+ rN++ Str+4}
 12064 | D:10     | Entered Level 10 of the Dungeon
 12110 | D:10     | Found a huge runed translucent gate.
 12110 | D:10     | Found a huge runed translucent gate.
 12110 | D:10     | Noticed a death yak
 12111 | D:10     | Found a huge runed translucent gate.
 12113 | D:10     | Found a huge runed translucent gate.
 12113 | D:10     | Noticed a manticore
 12137 | D:10     | Noticed a two-headed ogre
 12142 | D:10     | Killed a two-headed ogre
 12733 | D:10     | Noticed a two-headed ogre
 12831 | D:10     | Reached *** piety under Hepliaklqana
 13507 | D:11     | Reached skill level 10 in Short Blades
 13515 | D:11     | Noticed a cyclops
 13557 | D:11     | Reached XP level 12. HP: 64/69 MP: 10/22
 13572 | D:11     | Reached skill level 15 in Air Magic
 13666 | D:11     | Noticed a boulder beetle
 13682 | D:11     | Killed a boulder beetle
 13683 | D:11     | Reached skill level 10 in Fighting
 13745 | D:11     | Found Usmoh's Distillery.
 13898 | D:11     | Got the Anthology of Last Rites
 13907 | D:11     | Found a staircase to the Lair.
 14012 | D:11     | Noticed a boulder beetle
 14031 | D:11     | Killed a boulder beetle
 14382 | Lair:1   | Entered Level 1 of the Lair of Beasts
 14411 | Lair:1   | Reached **** piety under Hepliaklqana
 14553 | Lair:1   | Reached skill level 16 in Air Magic
 14636 | Lair:1   | Noticed Urug
 14663 | Lair:1   | Killed Urug
 14876 | Lair:1   | Noticed Prince Ribbit
 14886 | Lair:1   | Killed Prince Ribbit
 15626 | Lair:2   | Found a staircase to the Swamp.
 15797 | Lair:2   | Noticed a four-headed hydra
 15801 | Lair:2   | Killed a four-headed hydra
 15945 | Lair:2   | Reached ***** piety under Hepliaklqana
 16103 | Lair:2   | Reached skill level 17 in Air Magic
 16324 | Lair:3   | Reached XP level 13. HP: 63/76 MP: 14/23
 16538 | Lair:3   | Noticed Kirke
 16548 | Lair:3   | Noticed a sphinx
 16552 | Lair:3   | Killed Kirke
 16553 | Lair:3   | Reached skill level 5 in Stealth
 16657 | Lair:3   | Noticed Josephine
 16665 | Lair:3   | Killed Josephine
 16851 | Lair:3   | Found a staircase to the Snake Pit.
 17401 | Lair:3   | You are sucked into a shaft and drop 2 floors!
 17401 | Lair:5   | Entered Level 5 of the Lair of Beasts
 18365 | Lair:4   | Identified the +5 spear "Deym" {drain, Str+4 Dex+3}
 18468 | Lair:4   | Reached skill level 18 in Air Magic
 18627 | Lair:4   | Found a staircase to the Slime Pits.
 19220 | Lair:5   | Slain by a spriggan

Illustrated notes

Levels and vault maps discovered:
D:1:      elethiomel_arrival_quiet, layout_rooms, serial_shops, shop
D:2:      layout_basic
D:3:      layout_loops_cross, uniq_crazy_yiuf_cottage
D:4:      layout_gridville, kennysheep_mini, minmay_temple_entry_proselytizer,
          serial_glass, glass_columns_a, glass_columns_a, serial_park_tiny_pond,
          lemuel_flame_loot_1
D:5:      layout_loops_ring, gup_sewer_entry_bubbles, nicolae_shop_firing_range
D:6:      layout_basic, uniq_pikel
D:7:      lemuel_slime, layout_basic, nicolae_dithmenos_through_a_glass_darkly
D:8:      minmay_blocky_corners, layout_basic, mainiacjoe_overflow_alcove_1,
          grunt_temple_overflow_diamond, dilly_guarded_unrand_devastator,
          uniq_maggie
D:9:      layout_roguey, nicolae_ashenzari_skybound, serial_shops, shop
D:10:     lemuel_bear_cage, layout_grid_maze, hex_large,
          chequers_serial_rivers_room_b, nicolae_fountain_basement
D:11:     layout_stronghold, hellmonk_lair_entry_icy, serial_shops, shop
Temple:   hellmonk_temple_of_storms
Lair:1:   layout_regular_city, beast_lair_carwin_10, uniq_urug,
          uniq_prince_ribbit2
Lair:2:   layout_cave_shapes, swamp_mist_pool
Lair:3:   layout_regular_city, guppyfry_snake_entry_garden, evilmike_ambush
          [evilmike_ambush_outer_basic, evilmike_ambush_inner_basic],
          serial_bayou_shore_a, grunt_megastairs_1, uniq_josephine, uniq_kirke
Lair:4:   layout_cave_pods, minmay_slime_entry_eyes
Lair:5:   minmay_lair_end_enchanted_forest, layout_cellular_growth,
          cheibrodos_lair_lostbears, serial_bayou_shore_b, grunt_megastairs_2

Skill      XL: |  1  2  3  4  5  6  7  8  9 10 11 12 13 |
---------------+----------------------------------------+-----
Conjurations   | 2 3 4 5 6 |  6.0
Air Magic      | 5 6 8 9 11 13 14 17 18 | 18.2
Spellcasting   | 3 4 5 6 |  6.0
Fighting       | 3 5 7 9 11 12 | 12.8
Short Blades   | 1 5 7 10 | 10.0
Stealth        | 4 7 |  7.0
Dodging        | |  2.1

Action                     |  1- 3 |  4- 6 |  7- 9 | 10-12 | 13-15 || total
---------------------------+-------+-------+-------+-------+-------++-------
  Melee: Unarmed           |     5 |       |       |       |       ||     5
         Kick              |     1 |     3 |     3 |    42 |    30 ||    79
         Peck              |     1 |     3 |     2 |    30 |    21 ||    57
         Dagger            |     1 |    10 |     6 |    96 |    61 ||   174
         Punch             |       |       |       |     4 |     3 ||     7
   Cast: Shock             |    72 |   101 |   228 |    15 |     1 ||   417
         Static Discharge  |       |     4 |    38 |    35 |    15 ||    92
         Airstrike         |       |     2 |    16 |   205 |    84 ||   307
         Swiftness         |       |       |       |       |     1 ||     1
 Invoke: Recall Ancestor   |       |       |     1 |     4 |     1 ||     6
         Ancestor Life: He |       |       |     1 |       |       ||     1
         Ancestor Identity |       |       |     1 |       |       ||     1
  Evoke: Lightning rod     |       |       |       |       |     1 ||     1
    Use: Scroll            |       |     1 |     6 |     8 |     1 ||    16
         Potion            |       |       |       |       |     1 ||     1
   Stab: Distracted        |       |       |       |     4 |       ||     4
         Sleeping          |       |       |       |     5 |       ||     5
         Confused          |       |       |       |     5 |     2 ||     7
 Armour: Robe              |     4 |     6 |    11 |       |       ||    21
         Steam dragon scal |       |       |     8 |    39 |    24 ||    71
  Dodge: Dodged            |    15 |    23 |    36 |    82 |    36 ||   192
